 Dungeon Crawl Stone Soup version 0.20.0-8-g6b59dc7 (webtiles) character file.

2762 IcySystem the Gusty (level 9, -3/61 HPs)
             Began as an Octopode Venom Mage on May 29, 2017.
             Was an Initiate of Vehumet.
             Slain by a two-headed ogre
             ... wielding a +0 giant club
              (20 damage)
             ... on level 8 of the Dungeon.
             The game lasted 00:56:39 (9272 turns).

IcySystem the Gusty (Octopode Venom Mage)           Turns: 9272, Time: 00:56:41

Health: -3/61      AC:  8    Str: 13    XL:     9   Next: 69%
Magic:  6/25       EV: 16    Int: 20    God:    Vehumet [......]
Gold:   107        SH:  0    Dex: 14    Spells: 8/18 levels left

rFire    . . .     SeeInvis .   d - +5 short sword (protect)
rCold    . . .     Gourm    .   (no shield)
rNeg     . . .     Faith    .   (helmet restricted)
rPois    .         Spirit   .   (no amulet)
rElec    .         Reflect  .   i - ring of magical power
rCorr    +         Harm     .   x - ring of resist corrosion
MR       .....                  y - +2 ring of dexterity
Stlth    ++++......             (no ring)
Regen    0.2/turn               (no ring)
MPRegen  0.2/turn               (no ring)
                                (no ring)
                                (no ring)

@: mighty, protection aura
A: almost no armour, stealthy swim, amphibious, 8 rings, constrict 8, camouflage
1, gelatinous body 1
a: Renounce Religion


You were on level 8 of the Dungeon.
You worshipped Vehumet.
Vehumet was noncommittal.
You were hungry.

You visited 2 branches of the dungeon, and saw 9 of its levels.

You collected 492 gold pieces.
You spent 385 gold pieces at shops.

Inventory:

Hand Weapons
 d - a +5 short sword of protection (weapon)
 o - a +0 blowgun
 I - a +2 mace
 K - a +2 falchion of protection
 L - a +1 dagger of flaming
Missiles
 q - 7 javelins (quivered)
 r - 44 poisoned needles
Jewellery
 i - a ring of magical power (left tentacle)
 x - a ring of resist corrosion (right tentacle)
 y - a +2 ring of dexterity (on tentacle)
Wands
 u - a wand of iceblast (2/15)
 E - a wand of polymorph (1/24)
 G - a wand of confusion (28/48)
 H - a wand of flame (29/48)
 O - a wand of lightning (4/15)
Scrolls
 c - 11 scrolls of identify
 j - 2 scrolls of teleportation
 k - 3 scrolls of enchant armour
 l - 2 scrolls of remove curse
 n - 2 scrolls of enchant weapon
 A - a scroll of noise
 B - 2 scrolls of magic mapping
 C - a scroll of amnesia
 D - a scroll of fog {unknown}
 J - a scroll of recharging {unknown}
Potions
 e - a potion of flight {unknown}
 g - 4 potions of curing {unknown}
 p - 6 potions of mutation
 s - 2 potions of haste {unknown}
 t - 2 potions of lignification {unknown}
 v - 3 potions of brilliance {unknown}
 w - 2 potions of experience {unknown}
 z - 3 potions of heal wounds {unknown}
 F - a potion of agility {unknown}
Books
 a - a Young Poisoner's Handbook

   Spells                             Type                      Level
   a - Sting                          Conjuration/Poison           1
   b - Poisonous Vapours              Poison/Air                   2
   c - Mephitic Cloud                 Conjuration/Poison/Air       3
   d - Olgreb's Toxic Radiance        Poison                       4
   e - Venom Bolt                     Conjuration/Poison           5
 M - a book of Air

   Spells                             Type                      Level
   a - Shock                          Conjuration/Air              1
   b - Swiftness                      Charms/Air                   2
   c - Static Discharge               Conjuration/Air              3
   d - Airstrike                      Air                          4
   e - Lightning Bolt                 Conjuration/Air              5
Comestibles
 b - 5 bread rations
 f - 5 meat rations
 m - 3 royal jellies
 N - a chunk of flesh


   Skills:
 + Level 5.5 Fighting
 - Level 2.0 Short Blades
 - Level 5.2 Dodging
 - Level 4.1 Stealth
 - Level 5.0 Spellcasting
 + Level 5.5 Conjurations
 + Level 6.4 Air Magic
 - Level 4.0 Poison Magic


You had 8 spell levels left.
You knew the following spells:

 Your Spells              Type           Power        Failure   Level  Hunger
a - Sting                 Conj/Pois      ###.         1%          1    None
b - Mephitic Cloud        Conj/Pois/Air  ####....     3%          3    ##.....
c - Swiftness             Chrm/Air       ###.....     4%          2    None
d - Airstrike             Air            ####......   9%          4    ####...


Dungeon Overview and Level Annotations

Branches:
Dungeon (8/15)             Temple (1/1) D:4
   Lair: D:8-11

Altars:
Ashenzari
Elyvilon
Fedhas
Gozag
Hepliaklqana
Kikubaaqudgha
Makhleb
Nemelex Xobeh
Qazlal
Ru
Sif Muna
Trog
Uskayaw
Vehumet
Xom
Yredelemnul
Zin
The Shining One

Shops:
D:4 :   D:6 }

Annotations:
D:3 exclusion: phantom


Innate Abilities, Weirdness & Mutations

You cannot wear most types of armour.
You are very stealthy in the water. (Stealth+)
You are amphibious.
You can wear up to eight rings at the same time.
You can use your tentacles to constrict eight enemies at once.
Your skin changes colour to match your surroundings (Stealth+).
Your rubbery body absorbs attacks. (AC +1, EV +1)


Message History

Casting: Mephitic Cloud
Confirm with . or Enter, or press ? or * to list all spells.
Aiming: Mephitic Cloud
Press: ? - help, Shift-Dir - straight line, f/p - two-headed ogre
Aim: a two-headed ogre, wielding a giant club and a giant spiked club (heavily wounded)
The ball explodes into a vile cloud!
The stinking cloud engulfs the two-headed ogre.
The two-headed ogre is heavily wounded.
The two-headed ogre is engulfed in noxious fumes.
You feel very mighty all of a sudden.
The two-headed ogre hits you with a giant club!!
The two-headed ogre closely misses you.
You hit the two-headed ogre.
Your weapon exudes an aura of protection.
You squeeze the two-headed ogre!
The two-headed ogre is almost dead.
The two-headed ogre hits you with a giant club!!
* * * LOW HITPOINT WARNING * * *
The two-headed ogre hits you with a giant spiked club!!
You die...

...##### #.## #...##.##
#..# ##### ###.....#
#..# ####...# ###..###
.(####......## #....###
#.##.........#
####...##
##............##
##...###..............#
###..................#
#...#.@............#
#..##.O............#
#..###.............#
#..## #.............#
#..# #............##
..## ##...........# #..
#..........##
#..........#
#........###


You could see a two-headed ogre.

Vanquished Creatures
  Duvessa (D:4)
  A water moccasin (D:7)
  2 orc warriors
  2 sky beasts
  4 ogres
  2 centaurs
  A bullfrog (D:6)
  Dowan (D:4)
  3 scorpions
  A killer bee (D:6)
  2 wights
  5 howler monkeys
  6 crimson imps
  3 jellies
  2 hounds (D:8)
  4 orc priests
  9 orc wizards
  A bullfrog skeleton (D:6)
  6 worker ants
  2 hound skeletons (D:6)
  A worker ant zombie (D:6)
  7 gnolls
  A howler monkey skeleton (D:5)
  6 adders
  2 shadow imps
  An adder zombie (D:6)
  An adder skeleton (D:7)
  4 worms
  A dart slug (D:4)
  5 leopard geckos
  25 orcs
  8 bats
  3 giant cockroaches
  4 goblins (D:1)
  3 hobgoblins
  A jackal (D:6)
  A quokka (D:8)
  A ball python (D:6)
  4 frilled lizards
  8 kobolds
  2 leopard gecko skeletons
  A quokka skeleton (D:5)
  9 rats
157 creatures vanquished.

Vanquished Creatures (others)
  A kobold (D:1)
1 creature vanquished.

Grand Total: 158 creatures vanquished

Notes
Turn   | Place    | Note
-------+----------+-------------------------------------------
     0 | D:1      | IcySystem the Octopode Venom Mage began the quest for the Orb.
     0 | D:1      | Reached XP level 1. HP: 11/11 MP: 3/3
   361 | D:1      | Reached XP level 2. HP: 17/17 MP: 4/5
  1110 | D:2      | Reached skill level 1 in Fighting
  1124 | D:2      | Reached XP level 3. HP: 23/23 MP: 6/6
  1751 | D:3      | Reached skill level 1 in Short Blades
  2050 | D:3      | Noticed a phantom
  2339 | D:4      | Reached XP level 4. HP: 28/28 MP: 7/7
  2344 | D:4      | Learned a level 3 spell: Mephitic Cloud
  2376 | D:4      | Found Xuwk's Book Shoppe.
  2604 | D:4      | Reached XP level 5. HP: 35/35 MP: 8/8
  2644 | D:4      | Reached skill level 1 in Air Magic
  2653 | D:4      | Reached XP level 6. HP: 13/41 MP: 5/9
  3254 | D:4      | Noticed Dowan
  3255 | D:4      | Noticed Duvessa
  3561 | D:4      | Reached skill level 2 in Air Magic
  3896 | D:4      | Found a sacrificial altar of Ru.
  4234 | D:4      | Reached XP level 7. HP: 23/46 MP: 8/11
  4436 | D:5      | Entered Level 5 of the Dungeon
  4546 | D:5      | Reached skill level 3 in Air Magic
  4836 | D:5      | Reached skill level 4 in Air Magic
  5028 | D:5      | Found an opulent altar of Gozag.
  5423 | D:5      | Reached XP level 8. HP: 52/52 MP: 13/13
  6282 | D:6      | Reached skill level 5 in Air Magic
  6572 | D:6      | You fall through a shaft for 2 floors!
  6689 | D:8      | Noticed a two-headed ogre
  6748 | D:7      | Reached XP level 9. HP: 59/59 MP: 15/15
  6856 | D:6      | Found Zoosutul's Gadget Boutique.
  7402 | D:7      | Reached skill level 5 in Dodging
  7973 | D:7      | Reached skill level 5 in Spellcasting
  8009 | D:7      | Reached skill level 5 in Fighting
  8009 | D:7      | Reached skill level 5 in Conjurations
  8257 | D:5      | Reached skill level 6 in Air Magic
  8344 | D:4      | Killed Duvessa
  8441 | D:4      | Killed Dowan
  8461 | D:4      | Found a staircase to the Ecumenical Temple.
  8486 | Temple   | Entered the Ecumenical Temple
  8553 | Temple   | Became a worshipper of Vehumet
  8624 | D:4      | Bought a book of Air for 385 gold pieces
  8708 | D:7      | Learned a level 2 spell: Swiftness
  8713 | D:7      | Learned a level 4 spell: Airstrike
  9243 | D:8      | Noticed a two-headed ogre
  9272 | D:8      | Slain by a two-headed ogre

Skill      XL: |  1  2  3  4  5  6  7  8  9 |
---------------+----------------------------+-----
Stealth        | 3 4 |  4.1
Fighting       | 1 2 3 4 5 |  5.5
Short Blades   | 2 |  2.0
Poison Magic   | 4 |  4.0
Dodging        | 3 4 5 |  5.2
Air Magic      | 1 2 4 5 6 |  6.4
Conjurations   | 2 3 4 5 |  5.5
Spellcasting   | 3 4 5 |  5.0

Action                   |  1- 3 |  4- 6 |  7- 9 || total
-------------------------+-------+-------+-------++-------
Melee: Unarmed           |     1 |       |       ||     1
       Short sword       |     9 |    11 |   121 ||   141
       Constrict         |     2 |     7 |    29 ||    38
       Tentacles         |       |     3 |    24 ||    27
       Falchion          |       |    12 |       ||    12
Throw: Javelin           |       |       |     1 ||     1
 Cast: Sting             |    98 |   134 |   218 ||   450
       Mephitic Cloud    |       |     4 |    39 ||    43
       Airstrike         |       |       |    17 ||    17
Evoke: Wand              |       |       |     2 ||     2
  Use: Scroll            |       |       |    12 ||    12
       Potion            |       |       |     1 ||     1
 Stab: Sleeping          |       |     1 |     1 ||     2
  Eat: Chunk             |     6 |     5 |    18 ||    29
       Royal jelly       |       |       |     2 ||     2
Armor: Skin              |       |     5 |    16 ||    21
Dodge: Dodged            |    28 |    49 |    91 ||   168
       Rpst.: Falchion   |       |     2 |     1 ||     3
